 Dungeon Crawl Stone Soup version 0.30-a0-618-gd6c86c23d0 (webtiles) character file.

Game seed: 15072157969696761680

144 vineage the Trooper (level 5, 0/34 HPs)
             Began as a Gargoyle Fighter on Jan 9, 2023.
             Slain by an ogre
             ... wielding a +0 giant spiked club
              (16 damage)
             ... on level 4 of the Dungeon.
             The game lasted 00:01:53 (2104 turns).

vineage the Trooper (Gargoyle Fighter)              Turns: 2104, Time: 00:01:53

Health: 0/34       AC: 12    Str: 21    XL:     5   Next: 27%
Magic:  5/5        EV:  9    Int:  9    God:
Gold:   103        SH:  4    Dex:  9    Spells: 4/4 levels left

rFire   . . .      SeeInvis .    a - +0 flail
rCold   . . .      Faith    .    c - +0 buckler
rNeg    + . .      Spirit   .    b - +0 scale mail
rPois   ∞          Reflect  .    (no helmet)
rElec   +          Harm     .    e - +0 cloak
rCorr   .          Rampage  .    (no gloves)
Will    .....                    (no boots) Stlth
                                 (no amulet)
HPRegen 0.25/turn                (no ring)
MPRegen 0.09/turn                (no ring)

@: no status effects
A: sickness immunity, AC +4, negative energy resistance 1, electricity
resistance, torment resistance 1, petrification resistance
a: no special abilities


You were on level 4 of the Dungeon.
You visited 1 branch of the dungeon, and saw 4 of its levels.

You collected 103 gold pieces.

Inventory:

Hand Weapons
 a - a +0 flail (weapon)
Armour
 b - a +0 scale mail (worn)
 c - a +0 buckler (worn)
 e - a +0 cloak (worn)
Jewellery
 l - a +6 ring of strength
Scrolls
 f - a scroll of teleportation
 h - a scroll of poison
 n - a scroll of magic mapping
Potions
 d - 4 potions of might
 g - a potion of curing
 i - a potion of ambrosia {unknown}
 o - a potion of lignification
 p - a potion of haste


   Skills:
 * Level 4.4 Fighting
 * Level 3.5 Maces & Flails
 + Level 3.8 Armour
 + Level 4.0 Shields


You had 4 spell levels left.
You didn't know any spells.
Your spell library contained the following spells:

 Spells                   Type           Power      Damage    Failure   Level
 Ensorcelled Hibernation  Hex/Ice        0%         N/A       91%         2
 Ozocubu's Armour         Ice            0%         N/A       99%         3
 Spider Form              Tmut/Pois      0%         N/A       99%         3
 Anguish                  Hex/Necr       0%         N/A       100%        4
 Metabolic Englaciation   Hex/Ice        0%         N/A       100%        5
 Simulacrum               Ice/Necr       0%         N/A       100%        6


Dungeon Overview and Level Annotations

Branches:
Dungeon (4/15)
 Temple: D:4-7

Altars:
Vehumet


Innate Abilities, Weirdness & Mutations

You are immune to sickness and miasma.
Your stone body is resilient. (AC +4)
You are immune to poison.
You resist negative energy. (rN+)
You are resistant to electric shocks. (rElec)
You are resistant to unholy torment.
You are immune to petrification.


Message History

The hobgoblin hits you but does no damage.
You closely miss the hobgoblin.
The hobgoblin hits you but does no damage.
You barely miss the hobgoblin. You block the hobgoblin's attack.
You closely miss the hobgoblin.
An ogre comes into view. It is wielding a +0 giant spiked club.
You block the hobgoblin's attack. The hobgoblin hits you.
You closely miss the hobgoblin. The hobgoblin closely misses you.
You closely miss the hobgoblin. The hobgoblin hits you.
You closely miss the hobgoblin. The hobgoblin barely misses you.
The hobgoblin hits you but does no damage.
You hit the hobgoblin.
You kill the hobgoblin!
You hit the ogre.
The ogre is lightly wounded.
The ogre hits you with a +0 giant spiked club!
You thump the ogre!
The ogre is heavily wounded.
The ogre hits you with a +0 giant spiked club!
* * * LOW HITPOINT WARNING * * *
You are too injured to fight recklessly!
You are too injured to fight recklessly!
You are too injured to fight recklessly!
You are too injured to fight recklessly!
You are too injured to fight recklessly!
You are too injured to fight recklessly!
You are too injured to fight recklessly!
You are too injured to fight recklessly!
You are too injured to fight recklessly!
You are too injured to fight recklessly!
You are too injured to fight recklessly!
You are too injured to fight recklessly!
You feel better.
You thump the ogre!
The ogre is almost dead.
The ogre hits you with a +0 giant spiked club.
You barely miss the ogre.
The ogre is almost dead.
The ogre hits you with a +0 giant spiked club!
You die...

...####...#
....#....#.
..........
#........# ## #
##...)...#
#..#.#..<....##
#...##.........
#.............#
#....@O.......#
#....†.........#
##.....#........
........#........
$.......##..#....
###.....# ..#...
#.#+#.. ..# ..
#.. .#


You could see an ogre.

Vanquished Creatures
  An orc priest (D:3)
  5 adders
  A worm (D:2)
  An orc (D:3)
  6 ball pythons
  3 bats (D:1)
  10 endoplasms
  A giant cockroach (D:3)
  5 hobgoblins
  10 jackals
  5 kobolds (D:1)
  3 frilled lizards
  5 goblins
  4 rats
60 creatures vanquished.

Notes
Turn   | Place    | Note
-------+----------+-------------------------------------------
     0 | D:1      | vineage the Gargoyle Fighter began the quest for the Orb.
     0 | D:1      | Reached XP level 1. HP: 14/14 MP: 1/1
   111 | D:1      | Reached XP level 2. HP: 14/19 MP: 2/2
   449 | D:1      | Reached XP level 3. HP: 15/24 MP: 3/3
   815 | D:2      | Reached XP level 4. HP: 29/29 MP: 4/4
  1346 | D:3      | Identified the +2 pair of boots of the Hart {Regen+ rCorr}
  1532 | D:3      | Found a radiant altar of Vehumet.
  1932 | D:3      | Reached XP level 5. HP: 27/34 MP: 5/5
  2095 | D:4      | Noticed an ogre
  2104 | D:4      | Slain by an ogre

Illustrated notes

Levels and vault maps discovered:
D:1:      matt_arrival_los_fun, layout_basic
D:2:      layout_rooms
D:3:      layout_basic, nicolae_vehumet_radiance
D:4:      layout_cave_pools, serial_demonic, serial_demonic_b, serial_demonic_a,
          serial_demonic_f, serial_demonic_c, serial_shops,
          nicolae_shop_hallway_plus, minmay_hedge_maze

Skill      XL: |  1  2  3  4 |
---------------+-------------+-----
Fighting       | 4 |  4.4
Maces & Flails | 3 |  3.5
Shields        | 4 |  4.0
Armour         | |  3.8

Action                   |  1- 3 |  4- 6 || total
-------------------------+-------+-------++-------
Melee: Flail             |    94 |    93 ||   187
  Use: Scroll            |       |     7 ||     7
       Potion            |       |     1 ||     1
Armor: Scale mail        |    51 |    41 ||    92
Dodge: Dodged            |    54 |    27 ||    81
Block: Buckler           |    25 |    23 ||    48

Table legend: (Time is in decaauts)
 A = Elapsed time spent in this place.
 B = Non-inter-level travel time spent in this place.
 C = Inter-level travel time spent in this place.
 D = Time resting spent in this place.
 E = Time spent auto-exploring this place.
 F = Levels seen in this place.
 G = Mean time per level.
                   A        B        C        D        E       F      G
               +--------+--------+--------+--------+--------+-----+--------+
         Total |   2158 |   2082 |     76 |      0 |   1633 |   4 |  539.5 |
       Dungeon |   2158 |   2082 |     76 |      0 |   1633 |   4 |  539.5 |
               +--------+--------+--------+--------+--------+-----+--------+

Top non-repeatable levels by time:
     D:3: 902 daAuts
     D:1: 738 daAuts
     D:2: 498 daAuts
     D:4: 18 daAuts
